 Dungeon Crawl Stone Soup version 0.25.1-2-g60ff931df9 (webtiles) character file.

Game seed: 186264767011977361

20787 gruber the Frost Mage (level 12, -1/103 (104) HPs)
             Began as a Pale Draconian Ice Elementalist on Nov 9, 2020.
             Was an Elder of Vehumet.
             Slain by a death yak (9 damage)
             ... on level 5 of the Lair of Beasts.
             The game lasted 00:24:00 (16527 turns).

gruber the Frost Mage (DrIE)                       Turns: 16527, Time: 00:24:01

HP:   -1/103 (104)  AC: 17    Str: 11    XL:     12   Next: 48%
MP:   12/26         EV: 16    Int: 19    God:    Vehumet [****..]
Gold: 836           SH:  5    Dex: 13    Spells: 14/31 levels left

rFire    . . .     SeeInvis +   s - +2 short sword (elec)
rCold    . . .     Gourm    .   c - +0 buckler
rNeg     . . .     Faith    .   (armour unavailable)
rPois    .         Spirit   .   L - +2 hat {SInv}
rElec    .         Reflect  .   p - +0 cloak
rCorr    .         Harm     .   A - +0 pair of gloves
MR       .....                  O - +0 pair of boots
Stlth    ++........             F - amulet of magic regeneration
HPRegen  0.27/turn              M - +4 ring of protection
MPRegen  0.45/turn              x - +4 ring of evasion

@: no status effects
A: breathe steam, unfitting armour, cold-blooded, AC +8
a: Breathe Steam, Renounce Religion


You were on level 5 of the Lair of Beasts.
You worshipped Vehumet.
Vehumet was greatly pleased with you.
You were not hungry.

You visited 3 branches of the dungeon, and saw 16 of its levels.

You collected 836 gold pieces.

Inventory:

Hand Weapons
 s - a +2 short sword of electrocution (weapon)
Armour
 c - a +0 buckler (worn)
 p - a +0 cloak (worn)
 A - a +0 pair of gloves (worn)
 L - a +2 hat of see invisible (worn)
 O - a +0 pair of boots (worn)
Jewellery
 j - an uncursed ring of protection from fire
 x - a +4 ring of evasion (right hand)
 F - an amulet of magic regeneration (around neck)
 K - an uncursed ring of positive energy
 M - a +4 ring of protection (left hand)
 P - a +4 ring of protection
 Q - an uncursed ring of protection from cold
Wands
 u - a wand of flame (25)
 B - a wand of random effects (25)
 N - a wand of polymorph (9)
Scrolls
 d - a scroll of noise {unknown}
 e - 12 scrolls of identify
 f - 3 scrolls of immolation {unknown}
 g - 3 scrolls of random uselessness {unknown}
 h - 5 scrolls of remove curse
 i - 5 scrolls of teleportation {unknown}
 k - 3 scrolls of amnesia {unknown}
 l - 3 scrolls of blinking {unknown}
 m - 3 scrolls of magic mapping {unknown}
 r - 3 scrolls of fear {unknown}
 w - 2 scrolls of enchant armour {unknown}
 y - a scroll of summoning {unknown}
 C - a scroll of brand weapon {unknown}
 D - a scroll of fog {unknown}
 R - a scroll of silence {unknown}
Potions
 a - 3 potions of curing
 n - 2 potions of resistance
 o - 3 potions of degeneration {unknown}
 q - 4 potions of stabbing {unknown}
 t - 4 potions of brilliance {unknown}
 v - a potion of berserk rage {unknown}
 z - 2 potions of ambrosia {unknown}
 E - a potion of flight {unknown}
 G - a potion of cancellation {unknown}
 H - 4 potions of heal wounds {unknown}
 I - 4 potions of haste
 J - a potion of might {unknown}
Comestibles
 b - 22 rations
 S - 4 chunks of flesh


   Skills:
 - Level 9.2 Fighting
 - Level 1.7 Dodging
 - Level 1.7 Stealth
 - Level 6.4 Shields
 * Level 10.0 Spellcasting
 - Level 6.4 Conjurations
 - Level 6.3 Summonings
 - Level 12.1 Ice Magic


You had 14 spell levels left.
You knew the following spells:

 Your Spells              Type           Power        Failure   Level  Hunger
a - Freeze                Ice            ####         1%          1    None
b - Frozen Ramparts       Ice            ######       1%          3    None
c - Summon Ice Beast      Ice/Summ       #####...     1%          4    ##.....
d - Ozocubu's Armour      Chrm/Ice       ####....     1%          3    None
e - Searing Ray           Conj           ####..       1%          2    None
f - Sticky Flame          Conj/Fire      ###.....     5%          4    ##.....

Your spell library contained the following spells:

 Spells                   Type           Power        Failure   Level  Hunger
 Shock                    Conj/Air       ###.         1%          1    None
 Summon Small Mammal      Summ           ####         1%          1    None
 Static Discharge         Conj/Air       ###.....     1%          3    None
 Hailstorm                Conj/Ice       #####...     1%          4    ##.....
 Animate Skeleton         Necr           N/A          8%          1    None
 Apportation              Tloc           #.....       8%          1    None
 Corona                   Hex            #......      8%          1    None
 Pain                     Necr           #...         8%          1    None
 Swiftness                Chrm/Air       #.......     11%         2    None
 Lightning Bolt           Conj/Air       ###.......   16%         5    #####..
 Metabolic Englaciation   Hex/Ice        ####......   17%         5    #####..
 Airstrike                Air            #.........   19%         4    ##.....
 Confusing Touch          Hex            #.......     22%         3    None
 Gell's Gravitas          Tloc           #.........   22%         3    None
 Vampiric Draining        Necr           #.........   22%         3    None
 Yara's Violent Unravell  Hex/Tmut       #.........   45%         5    #####..
 Animate Dead             Necr           N/A          58%         4    ##.....
 Petrify                  Tmut/Erth      #.......     58%         4    ##.....
 Agony                    Necr           #.......     90%         5    #####..


Dungeon Overview and Level Annotations

Branches:
Dungeon (11/15)            Temple (1/1) D:6            Lair (3/6) D:10
  Swamp: Lair:2-4    Shoals: Lair:2-4     Snake: Lair:2-4    Spider: Lair:2-4
    Orc: D:9-12

Altars:
Ashenzari
Dithmenos
Fedhas
Gozag
Hepliaklqana
Kikubaaqudgha
Nemelex Xobeh
Okawaru
Qazlal
Ru
Uskayaw
Vehumet
Wu Jian
Xom
Yredelemnul
Zin

Annotations:
D:7 2 transporters, 3 runed translucent doors, CannibalFerox's ghost, novice MiHu


Innate Abilities, Weirdness & Mutations

You can breathe blasts of scalding, opaque steam.
Your pale cyan-grey scales are hard. (AC +8)
You cannot fit into any form of body armour.
You are cold-blooded and may be slowed by cold attacks.


Message History

The wall freezes the elephant. x2
The elephant tramples you but does no damage.
The elephant trunk-slaps you but does no damage.
The wall freezes the death yak!
The death yak gores you!!
* * * LOW HITPOINT WARNING * * *
Unknown command.
Your icy armour cracks and falls away as you move.
The frozen ramparts melt away.
The death yak burns!
The death yak stops burning.
You hit the fungus.
The fungus is lightly damaged.
The death yak gores you.
* * * LOW HITPOINT WARNING * * *
You block the elephant's attack.
The elephant trunk-slaps you but does no damage.
The death yak gores you!
* * * LOW HITPOINT WARNING * * *
Unknown command.
The death yak misses you. The death yak gores you!
You die...

†###............##
Y÷.##............#
...Y.............##
.......Y..†.....#.# #..........
##...............## ##.......<..
.#####.......##†## ...........
..## ##.......#.## #..........
..P# ##.P.....YY######..........
...P...##.....YY@P..##...........
.................................
..............##..##.............
..........P.#########.#P.#.......
.##..P.P###. #.###.#####... P.
...P. ## ### #..# . .. ... #..##
#. #...####.# ##........


You could see 2 death yaks and 2 elephants.

Vanquished Creatures
  3 two-headed ogres
  A death yak (Lair:5)
  An unseen horror (D:11)
  2 skeletal warriors (D:11)
  Pikel (D:5)
  An ugly thing (D:11)
  An oklob plant (Lair:2)
  Maurice (D:9)
  An elephant (Lair:5)
  A black mamba (Lair:5)
  A komodo dragon (Lair:5)
  2 trolls
  4 polar bears (Lair:2)
  2 hornets
  3 hippogriffs
  3 dream sheep (Lair:5)
  10 yaks (Lair:2)
  2 wyverns
  A nameless horror (D:3)
  4 water moccasins
  A porcupine (Lair:2)
  3 black bears
  4 ice beasts
  A slave (D:5)
  A sky beast (D:11)
  An orc warrior (D:10)
  A necrophage (D:5)
  A phantom (D:9)
  5 wolves (Lair:3)
  5 ogres
  13 centaurs
  2 crocodiles
  2 big kobolds
  Blork the orc (D:4)
  7 bullfrogs
  2 scorpions
  9 killer bees
  3 howler monkeys
  A crimson imp (D:10)
  A bullfrog zombie (D:6)
  5 hounds
  A quasit (D:10)
  3 centaur zombies
  2 jellies
  7 orc wizards
  4 orc priests
  7 bullfrog skeletons
  2 centaur skeletons
  3 iguanas
  Natasha (thrice) (D:4)
  12 worker ants
  A killer bee zombie (D:6)
  2 hound zombies
  2 hound skeletons
  Robin (D:4)
  A worker ant zombie (D:7)
  10 adders
  A gnoll (D:1)
  2 shadow imps (D:5)
  3 oozes
  2 adder skeletons
  An adder zombie (D:6)
  3 worms
  2 dart slugs
  4 leopard geckos
  22 orcs
  3 giant cockroaches
  13 goblins
  8 hobgoblins
  15 jackals
  5 quokkas
  2 ball pythons
  8 bats
  3 frilled lizards
  A giant cockroach zombie (D:6)
  16 kobolds
  A leopard gecko zombie (D:6)
  11 rats
301 creatures vanquished.

Vanquished Creatures (collateral kills)
  Gastronok (Lair:1)
  A hydra (Lair:2)
  A two-headed ogre (D:10)
  A death yak (Lair:5)
  An ugly thing (D:11)
  An elephant (Lair:5)
  Joseph (Lair:1)
  2 komodo dragons
  A dream sheep (Lair:5)
  A yak (Lair:2)
  A hungry ghost (D:5)
  Menkaure (D:6)
  A water moccasin (Lair:1)
  A porcupine (Lair:1)
  A necrophage (D:7)
  3 crocodiles
  A bullfrog zombie (D:11)
  A bullfrog skeleton (D:7)
  An adder (D:10)
  An orc (D:10)
23 creatures vanquished.

Vanquished Creatures (others)
  A howler monkey (D:5)
  A bullfrog skeleton (D:5)
  An adder (D:5)
  4 fungi
  6 plants
13 creatures vanquished.

Grand Total: 337 creatures vanquished

Notes
Turn   | Place    | Note
-------+----------+-------------------------------------------
     0 | D:1      | gruber the Draconian Ice Elementalist began the quest for
                  | the Orb.
     0 | D:1      | Reached XP level 1. HP: 14/14 MP: 3/3
   171 | D:2      | Found a shadowy altar of Dithmenos.
   258 | D:2      | Reached XP level 2. HP: 20/20 MP: 0/5
   771 | D:2      | Reached skill level 5 in Ice Magic
   771 | D:2      | Reached XP level 3. HP: 17/26 MP: 0/6
   829 | D:2      | Learned a level 3 spell: Frozen Ramparts
  1445 | D:1      | Reached XP level 4. HP: 32/33 MP: 7/7
  1864 | D:2      | Found a stormy altar of Qazlal.
  2091 | D:2      | Found a sparkling altar of Nemelex Xobeh.
  2092 | D:2      | Found an opulent altar of Gozag.
  2369 | D:3      | Noticed a phantom
  2472 | D:3      | Reached skill level 6 in Ice Magic
  2660 | D:3      | Reached XP level 5. HP: 30/38 MP: 2/8
  2826 | D:3      | Learned a level 4 spell: Summon Ice Beast
  2883 | D:3      | Noticed a nameless horror
  2902 | D:3      | Killed a nameless horror
  3483 | D:4      | Noticed an ogre
  3490 | D:4      | Killed an ogre
  3566 | D:4      | Noticed Natasha
  3568 | D:4      | Reached skill level 1 in Summonings
  3568 | D:4      | Reached XP level 6. HP: 41/45 MP: 11/11
  3576 | D:4      | Killed Natasha
  3577 | D:4      | Noticed Blork the orc
  3591 | D:4      | Killed Blork the orc
  3661 | D:4      | Noticed Natasha
  3732 | D:4      | Killed Natasha
  3787 | D:4      | Your scales start taking on a pale cyan-grey colour.
  3787 | D:4      | Reached XP level 7. HP: 41/50 MP: 7/12
  3852 | D:4      | Noticed Natasha
  3864 | D:4      | Killed Natasha
  3874 | D:4      | Noticed Robin
  3889 | D:4      | Killed Robin
  4220 | D:4      | Noticed a wyvern
  4220 | D:4      | Noticed a troll
  4499 | D:5      | Entered Level 5 of the Dungeon
  4535 | D:5      | Reached skill level 5 in Summonings
  4979 | D:5      | Noticed a hungry ghost
  4996 | D:5      | Killed a hungry ghost
  5070 | D:5      | Reached skill level 7 in Ice Magic
  5423 | D:5      | Reached XP level 8. HP: 57/57 MP: 9/13
  5526 | D:5      | Reached skill level 8 in Ice Magic
  5686 | D:5      | Noticed Pikel
  5697 | D:5      | Killed Pikel
  5697 | D:5      | Reached skill level 9 in Ice Magic
  6033 | D:5      | Found an ornate altar of the Wu Jian Council.
  6201 | D:6      | Learned a level 3 spell: Ozocubu's Armour
  6323 | D:6      | Reached skill level 10 in Ice Magic
  6482 | D:6      | Found a blossoming altar of Fedhas.
  6509 | D:6      | Found an iron altar of Okawaru.
  6582 | D:6      | Reached XP level 9. HP: 53/61 MP: 14/14
  6678 | D:6      | Found a staircase to the Ecumenical Temple.
  6734 | Temple   | Entered the Ecumenical Temple
  6820 | Temple   | Became a worshipper of Vehumet
  6937 | D:6      | Noticed Menkaure
  6950 | D:6      | Killed Menkaure
  7296 | D:7      | Reached skill level 11 in Ice Magic
  7351 | D:7      | Found a basalt altar of Yredelemnul.
  7354 | D:7      | Found an ancient bone altar of Kikubaaqudgha.
  7363 | D:7      | Found a transporter.
  7546 | D:7      | Found a transporter.
  7859 | D:7      | Reached * piety under Vehumet
  7859 | D:7      | Offered knowledge of Magic Dart by Vehumet.
  7906 | D:7      | Found a runed translucent gate.
  7906 | D:7      | Found an opulent altar of Gozag.
  7906 | D:7      | Found a runed translucent gate.
  7907 | D:7      | Found a runed translucent gate.
  7912 | D:7      | Reached skill level 12 in Ice Magic
  7922 | D:7      | Noticed CannibalFerox's ghost (novice MiHu)
  8004 | D:7      | Reached skill level 1 in Fighting
  8705 | D:8      | Found an ornate altar of the Wu Jian Council.
  8705 | D:8      | Found a shimmering altar of Xom.
  9064 | D:9      | Reached skill level 1 in Shields
  9148 | D:9      | Noticed Maurice
  9254 | D:9      | Reached XP level 10. HP: 77/77 MP: 11/15
  9516 | D:9      | Noticed a two-headed ogre
  9521 | D:9      | Killed a two-headed ogre
  9669 | D:9      | Found a hazy altar of Hepliaklqana.
  9973 | D:9      | Reached skill level 5 in Shields
 10190 | D:9      | Killed Maurice
 11058 | D:10     | Entered Level 10 of the Dungeon
 11154 | D:10     | Noticed a two-headed ogre
 11161 | D:10     | Killed a two-headed ogre
 11161 | D:10     | Offered knowledge of Searing Ray by Vehumet.
 11165 | D:10     | Learned a level 2 spell: Searing Ray
 11221 | D:10     | Reached skill level 5 in Fighting
 11226 | D:10     | Reached ** piety under Vehumet
 11449 | D:10     | Found a staircase to the Lair.
 12516 | D:11     | Noticed a skeletal warrior
 12581 | D:11     | Noticed a cyan ugly thing
 12591 | D:11     | Killed a cyan ugly thing
 12715 | D:11     | Reached XP level 11. HP: 42/94 MP: 16/16
 12972 | D:11     | Noticed a two-headed ogre
 12981 | D:11     | Killed a two-headed ogre
 12982 | D:11     | Noticed a green ugly thing
 12994 | D:11     | Killed a green ugly thing
 12994 | D:11     | Reached skill level 1 in Conjurations
 13084 | D:11     | Offered knowledge of Inner Flame by Vehumet.
 13088 | D:11     | Noticed a two-headed ogre
 13103 | D:11     | Killed a two-headed ogre
 13122 | D:11     | Killed an unseen horror
 13247 | D:11     | Reached skill level 5 in Conjurations
 13360 | D:11     | Noticed a skeletal warrior
 13498 | D:11     | Killed a skeletal warrior
 13536 | D:11     | Killed a skeletal warrior
 13536 | D:11     | Reached *** piety under Vehumet
 13855 | D:11     | Noticed a skeletal warrior
 13855 | D:11     | Noticed a skeletal warrior
 13919 | Lair:1   | Entered Level 1 of the Lair of Beasts
 13919 | Lair:1   | Noticed Gastronok
 13931 | Lair:1   | Killed Gastronok
 14290 | Lair:1   | Reached skill level 5 in Spellcasting
 14506 | Lair:1   | Noticed Joseph
 14515 | Lair:1   | Killed Joseph
 14699 | Lair:2   | Noticed a five-headed hydra
 15319 | Lair:2   | Reached XP level 12. HP: 103/103 MP: 22/22
 15888 | Lair:2   | Offered knowledge of Sticky Flame by Vehumet.
 15981 | Lair:2   | Learned a level 4 spell: Sticky Flame
 16130 | Lair:2   | Killed a five-headed hydra
 16306 | Lair:3   | You fall into a shaft and drop 2 floors!
 16479 | Lair:5   | Noticed a death yak
 16479 | Lair:5   | Noticed a death yak
 16514 | Lair:5   | Killed a death yak
 16514 | Lair:5   | Reached **** piety under Vehumet
 16517 | Lair:5   | Noticed a death yak
 16518 | Lair:5   | Noticed a death yak
 16523 | Lair:5   | Killed a death yak
 16523 | Lair:5   | Reached skill level 10 in Spellcasting
 16527 | Lair:5   | Slain by a death yak

Illustrated notes

Levels and vault maps discovered:
D:1:      kennysheep_arrival_seaside, layout_rooms, minmay_misc_feat_iff
D:2:      kennysheep_big_flooded_room, layout_basic,
          grunt_temple_overflow_opulence, nicolae_overflow_crystal_walls,
          hangedman_decor_growths, grunt_dithmenos_smoke_and_mirrors
D:3:      layout_loops_ring
D:4:      layout_cave_pools, serial_bayou_pond_a, lightli_corner_chamber,
          uniq_robin, uniq_natasha, uniq_blork_the_orc
D:5:      minmay_diamond_boxcup, layout_basic, first_ration, basic_altar,
          uniq_pikel
D:6:      layout_basic, okawaru_gym_becter, lemuel_doored_altar,
          minmay_temple_entry_waves, serial_undead, serial_undead_e,
          serial_undead_d, serial_undead_d, serial_undead_c, serial_undead_b,
          serial_undead_e, serial_undead_e, uniq_menkaure
D:7:      layout_loops_cross, gammafunk_temple_of_torment, ebering_ghost_gozag
D:8:      layout_gridville, gammafunk_temple_overflow_wave
D:9:      layout_long_grid, grunt_ogre_cave, lemuel_centaur_altar, uniq_maurice
D:10:     cheibrodos_two_vegetables, layout_basic, lair_entry_dummy
D:11:     layout_rooms, orc_0_dummy, gauntlet_entry_generic, minmay_librarian
Temple:   nicolae_temple_figure_eight
Lair:1:   layout_big_grid, lemuel_fruit_tree, uniq_gastronok, uniq_joseph
Lair:2:   layout_hall_layers, cheibrodos_lair_lostbears, lemuel_fruit_fields,
          infiniplex_staircase_pool_2
Lair:3:   layout_long_grid
Lair:5:   layout_cave_pods

Skill      XL: |  1  2  3  4  5  6  7  8  9 10 11 12 |
---------------+-------------------------------------+-----
Ice Magic      | 5 6 7 10 12 | 12.1
Spellcasting   | 3 7 10 | 10.0
Summonings     | 1 4 6 |  6.3
Fighting       | 3 8 9 |  9.2
Shields        | 2 6 |  6.4
Conjurations   | 6 |  6.4
Dodging        | |  1.7
Stealth        | |  1.7

Action                   |  1- 3 |  4- 6 |  7- 9 | 10-12 || total
-------------------------+-------+-------+-------+-------++-------
Melee: Short sword       |    27 |    11 |   269 |   196 ||   503
       Tailslap          |    10 |    22 |    22 |    18 ||    72
       Unarmed           |     1 |       |       |       ||     1
       Dagger            |    52 |   131 |       |       ||   183
 Cast: Freeze            |    22 |     7 |     5 |    26 ||    60
       Frozen Ramparts   |     4 |    12 |    44 |    58 ||   118
       Summon Ice Beast  |       |       |    11 |    61 ||    72
       Ozocubu's Armour  |       |       |       |     8 ||     8
       Searing Ray       |       |       |       |     9 ||     9
       Sticky Flame      |       |       |       |     5 ||     5
  Use: Scroll            |       |       |       |     4 ||     4
 Stab: Sleeping          |     2 |     2 |     1 |       ||     5
       Distracted        |       |     1 |       |     3 ||     4
  Eat: Chunk             |     3 |     8 |    23 |    21 ||    55
       Ration            |       |       |       |     5 ||     5
Armor: Skin              |    34 |    44 |    82 |   107 ||   267
Dodge: Dodged            |    78 |    89 |   216 |   226 ||   609
Block: Buckler           |       |       |     3 |    84 ||    87
